cohdb
Replays
Latest Replays
All Replays
Popular Replays
Top Player Replays
Match Explorer
How It Works
Community
CoH3 Stats
Reddit
Sign in to upload your games and track your stats! →
Sign in with Steam
Loss - 3v3 - Fast 3 Flamethrowers Rseource Cheats
Match 13377207
Overview
Messages
Build Orders
End
Kettenkrad Recon Vehicle
Construct Infanterie Kompanie
Selects Luftwaffe Battlegroup
Grenadier Squad
MG 42 Machine Gun Team
Grenadier Squad
Selects Stuka Strafing Run
Stuka Strafing Run
Grenadier Squad
Stuka Strafing Run
Construct Luftwaffe Kompanie
iNNo.-
Kaalar
Delta0032
(13th WG) Vladimir Putin
war
¿
0
0
Comments
sign in to comment!
No comments posted yet!